 Dungeon Crawl Stone Soup version 0.25.1-2-g60ff931df9 (webtiles) character file.

Game seed: 5038970831836955192

116228 Peloso the Blocker (level 16, -13/125 HPs)
             Began as a Demonspawn Fighter on Aug 23, 2020.
             Was the Champion of Okawaru.
             Killed from afar by a shock serpent (30 damage)
             ... with a bolt of electricity
             ... on level 1 of the Snake Pit.
             The game lasted 01:40:23 (33394 turns).

Peloso the Blocker (Demonspawn Fighter)            Turns: 33394, Time: 01:40:23

Health: -13/125    AC: 35    Str: 37    XL:     16   Next: 20%
Magic:  0/18       EV: 11    Int:  9    God:    Okawaru [******]
Gold:   1069       SH: 17    Dex: 15    Spells: 15/15 levels left

rFire    . . .     SeeInvis .   a - +9 falchion "Vixoczai" {venom, rPois rC+ Str+4 Stlth+}
rCold    + + .     Gourm    .   c - +2 kite shield {AC+3}
rNeg     + . .     Faith    +   S - +1 plate armour {rC+}
rPois    +         Spirit   +   l - +2 hat of the Bear Spirit {Spirit, +Rage rN+ MR++}
rElec    .         Reflect  .   J - +0 cloak
rCorr    +         Harm     .   p - +0 pair of gloves {Dex+3}
MR       +++..                  P - +0 pair of boots {run}
Stlth    ..........             j - amulet of faith
HPRegen  0.30/turn              H - ring of Mojyczaa {rCorr Str+2 Slay+5}
MPRegen  0.32/turn              e - +6 ring of strength

@: sanguine armour, quick
A: talons 2, demonic guardian 2, magic shield, magic regeneration, sanguine
armour 2
a: Heroism, Finesse, Renounce Religion, Evoke Berserk Rage


You were on level 1 of the Snake Pit.
You worshipped Okawaru.
Okawaru was exalted by your worship.
You were not hungry.

You visited 6 branches of the dungeon, and saw 27 of its levels.
You also visited: Gauntlet and Volcano.

You collected 3002 gold pieces.
You spent 1933 gold pieces at shops.

Inventory:

Hand Weapons
 a - the +9 falchion "Vixoczai" (weapon) {venom, rPois rC+ Str+4 Stlth+}
   (You bought it in a shop on level 11 of the Dungeon)

   It poisons the flesh of those it strikes.
   It affects your strength (+4).
   It protects you from cold.
   It protects you from poison.
   It makes you more stealthy.
 b - the +9 spear of Maweom {vorpal, rElec rF++ Str+3}
   (You found it on level 5 of the Dungeon)

   It inflicts extra damage upon your enemies.
   It affects your strength (+3).
   It greatly protects you from fire.
   It insulates you from electricity.
 L - a +0 scimitar of flaming
Armour
 c - a +2 kite shield of protection (worn)
 l - the +2 hat of the Bear Spirit (worn) {Spirit, +Rage rN+ MR++}
   (Okawaru gifted it to you on level 2 of the Orcish Mines)

   It protects you from negative energy.
   It affects your resistance to hostile enchantments.
   It lets you go berserk.
 p - a +0 pair of gloves of dexterity (worn)
 q - +0 ice dragon scales
 E - the +2 pair of gloves of Piwuiwaged {MP+9}
   (You found it in a Gauntlet)

   It affects your magic capacity (+9).
 I - a scarf of repulsion
 J - a +0 cloak (worn)
 P - a +0 pair of boots of running (worn)
 S - a +1 plate armour of cold resistance (worn)
Jewellery
 e - a +6 ring of strength (right hand)
 i - an uncursed ring of protection from magic
 j - an amulet of faith (around neck)
 m - an uncursed ring of flight
 D - an uncursed ring of fire {unknown}
 H - the ring of Mojyczaa (left hand) {rCorr Str+2 Slay+5}
   (You took it off a minotaur in a Gauntlet)

   [ring of resist corrosion]

   It affects your strength (+2).
   It affects your accuracy and damage with ranged weapons and melee attacks
   (+5).
   It provides partial protection from all sources of acid and corrosion.
 M - an uncursed amulet of the acrobat {unknown}
Wands
 s - a wand of digging (2)
 w - a wand of paralysis (8)
 G - a wand of disintegration (16)
Scrolls
 g - 7 scrolls of immolation
 k - 8 scrolls of fear
 o - 4 scrolls of fog
 r - a scroll of identify
 u - 6 scrolls of blinking
 v - 4 scrolls of magic mapping
 y - 7 scrolls of remove curse
 K - a scroll of summoning
 N - 2 scrolls of teleportation
 Q - a scroll of holy word
Potions
 d - 8 potions of might
 h - 8 potions of curing
 n - 4 potions of haste
 t - a potion of heal wounds
 z - 2 potions of berserk rage
 B - 4 potions of stabbing
 F - 3 potions of flight
 W - 3 potions of resistance
Miscellaneous
 x - a phial of floods
 A - a lightning rod (4/4)
Comestibles
 f - 38 rations


   Skills:
 + Level 11.1 Fighting
 + Level 13.6 Long Blades
 + Level 8.0 Polearms
 + Level 12.7 Armour
 + Level 3.9 Dodging
 + Level 3.9 Stealth
 + Level 14.0 Shields
 + Level 2.9 Invocations
 + Level 3.5 Evocations


You had 15 spell levels left.
You didn't know any spells.
Your spell library contained the following spells:

 Spells                   Type           Power        Failure   Level  Hunger
 Beastly Appendage        Tmut           #.....       90%         1    ##.....
 Infusion                 Chrm           #...         90%         1    ##.....
 Magic Dart               Conj           #...         90%         1    ##.....
 Sandblast                Erth           #.....       90%         1    ##.....
 Summon Small Mammal      Summ           #...         90%         1    ##.....
 Blink                    Tloc           N/A          97%         2    ###....
 Call Imp                 Summ           #.......     97%         2    ###....
 Passwall                 Tmut/Erth      #.......     97%         2    ###....
 Poisonous Vapours        Pois/Air       #.....       97%         2    ###....
 Shroud of Golubria       Chrm/Tloc      #.....       97%         2    ###....
 Slow                     Hex            #.......     97%         2    ###....
 Song of Slaying          Chrm           #.......     97%         2    ###....
 Sticks to Snakes         Tmut           #.......     97%         2    ###....
 Call Canine Familiar     Summ           #.......     99%         3    ####...
 Conjure Flame            Conj/Fire      #.......     99%         3    ####...
 Mephitic Cloud           Conj/Pois/Air  #.......     99%         3    ####...
 Ozocubu's Armour         Chrm/Ice       #.......     99%         3    ####...
 Spectral Weapon          Hex/Chrm       #.......     99%         3    ####...
 Spider Form              Tmut/Pois      #.........   99%         3    ####...
 Stone Arrow              Conj/Erth      #.....       99%         3    ####...
 Summon Guardian Golem    Hex/Summ       #.......     99%         3    ####...
 Ice Form                 Ice/Tmut       #.......     100%        4    #####..
 Petrify                  Tmut/Erth      #.......     100%        4    #####..
 Summon Ice Beast         Ice/Summ       #.......     100%        4    #####..
 Summon Lightning Spire   Summ/Air       #.......     100%        4    #####..
 Blade Hands              Tmut           #.........   100%        5    ######.
 Lee's Rapid Deconstruct  Erth           #.........   100%        5    ######.
 Silence                  Hex/Air        #.........   100%        5    ######.
 Conjure Ball Lightning   Conj/Air       #.........   100%        6    #######
 Freezing Cloud           Conj/Ice/Air   #.........   100%        6    #######
 Haunt                    Necr/Summ      #.........   100%        7    #######
 Ring of Flames           Chrm/Fire      #.........   100%        7    #######
 Borgnjor's Revivificati  Necr           #.........   100%        8    #######
 Death's Door             Chrm/Necr      #.........   100%        8    #######
 Infestation              Necr           #.........   100%        8    #######
 Necromutation            Tmut/Necr      #.........   100%        8    #######
 Tornado                  Air            #.........   100%        9    #######


Dungeon Overview and Level Annotations

Branches:
Dungeon (15/15)            Temple (1/1) D:6            Lair (6/6) D:10
  Swamp (2/4) Lair:2        Snake (1/4) Lair:2        Slime (0/5) Lair:5
    Orc (2/2) D:12            Elf (0/3) Orc:2        Vaults (0/5) D:14
 Depths (0/5) D:15        Volcano (visited)         Gauntlet (visited)

Altars:
Ashenzari
Elyvilon
Fedhas
Gozag
Hepliaklqana
Kikubaaqudgha
Makhleb
Nemelex Xobeh
Okawaru
Qazlal
Ru
Sif Muna
Uskayaw
Vehumet
Wu Jian
Xom
Yredelemnul
Zin
The Shining One

Shops:
D:5 *   D:10 =   D:11 (   D:13 !   D:14 *   Orc:2 !%[}

Portals:
Pandemonium: Orc:2


Innate Abilities, Weirdness & Mutations

You have razor-sharp toenails.
A demonic guardian rushes to your aid.
When hurt, damage is shared between your health and your magic reserves.
You regenerate magic rapidly.
When seriously injured, your bleeding wounds create thick armour. (AC +9)


Message History

Your ice devil freezes the naga warrior!
The naga warrior dies!
Okawaru accepts your kill.
Your smoke demon hits the shock serpent. x3
The shock serpent shoots out a bolt of lightning at you!
The bolt of electricity hits you!!
Your ice devil hits the shock serpent.
Your ice devil freezes the shock serpent!!
The shock serpent's electric aura discharges, shocking your ice devil!
Your ice devil dies!
Found a stone staircase leading down.
Items here: ) [[ † a +0 scimitar; a +0 robe; a +0 kite shield; a naga corpse You hit the shock serpent.
The shock serpent is severely wounded.
Your smoke demon closely misses the shock serpent. x3
The shock serpent shoots out a bolt of lightning at you!
The bolt of electricity hits you!!
* * * LOW HITPOINT WARNING * * *
The bolt of electricity hits you!!
You die...

#......#......##
#.S.....###÷####
......3#.
##.#### ...##N.
#.#)....# $. .#N
.#))(..# . .NN.
#.)[.## .. .#
#<)3..##.. .....
#.S.......
##@##....#
#..#####.# .....
# ..#..#.. >.#
#.# ## ##. ## ..
..


You could see a shock serpent and a friendly smoke demon (summoned).

Vanquished Creatures
  A thorn hunter (Swamp:1)
  A tengu reaver (D:15)
  A frost giant (D:15)
  A minotaur (Gauntlet)
  Snorg (Orc:2)
  An ettin (D:15)
  A naga warrior (Snake:1)
  An ice dragon (D:15)
  14 hydras
  A vault guard (D:14)
  A catoblepas (D:13)
  A hell beast (Gauntlet)
  An anaconda (Snake:1)
  A two-headed ogre (D:8)
  5 centaur warriors
  6 orc high priests (Orc:2)
  2 death yaks (Lair:6)
  2 shock serpents (Snake:1)
  2 tengu warriors (D:15)
  A naga sharpshooter (Snake:1)
  A sun demon (Orc:2)
  A salamander mystic (Snake:1)
  An iron troll (shapeshifter) (D:15)
  A sixfirhy (Orc:2)
  An unseen horror (D:15)
  A swamp dragon (Swamp:1)
  An unseen horror (shapeshifter) (D:15)
  A torturous demonspawn (Orc:2)
  2 gelid demonspawn (Orc:2)
  A wolf spider zombie (D:13)
  2 deep elf magi
  9 orc knights
  2 manticores
  3 wolf spiders
  6 orc sorcerers
  4 oklob plants
  15 ugly things
  3 cyclopes
  A guardian serpent (Lair:6)
  10 black mambas
  Joseph (D:8)
  3 gargoyles
  11 spiny frogs
  2 centaur skeletons
  A torpor snail (Lair:6)
  An efreet (Volcano)
  A yaktaur (D:15)
  2 kobold demonologists (D:14)
  An orange demon (Orc:2)
  3 rime drakes
  5 komodo dragons
  An ice devil (Orc:2)
  A red devil (Orc:2)
  9 trolls
  3 polar bears
  2 tyrant leeches (Swamp:1)
  A wolf spider simulacrum (D:14)
  8 hornets
  Grinder (D:3)
  5 slime creatures
  9 hippogriffs
  A bog body (Swamp:1)
  21 blink frogs
  3 redbacks (Lair:6)
  2 spriggans
  6 shadows
  A vampire (D:14)
  A hungry ghost (D:13)
  4 fire elementals (Volcano)
  2 wraiths
  2 basilisks
  49 yaks
  6 wyverns
  2 vampire mosquitoes (D:15)
  An insubstantial wisp (Lair:2)
  4 nagas (Snake:1)
  2 swamp worms (Swamp:1)
  9 wargs
  7 porcupines
  14 water moccasins
  2 acid dragons
  4 sky beasts
  2 hell hounds (Gauntlet)
  5 ice beasts
  3 black bears
  3 phantoms
  39 orc warriors
  7 swamp drakes (Swamp:1)
  8 ogres
  2 eyes of draining
  2 boggarts (D:15)
  3 wolves (Lair:5)
  A necrophage (D:14)
  9 centaurs
  5 crocodiles
  2 big kobolds
  14 bullfrogs
  2 earth elementals (Volcano)
  A water moccasin zombie (D:6)
  2 wyvern skeletons (D:12)
  4 scorpions
  5 wights (D:9)
  13 killer bees
  A howler monkey (D:8)
  An electric eel (Lair:2)
  A bullfrog zombie (D:13)
  11 crimson imps
  A quasit (D:7)
  3 hounds
  A bullfrog skeleton (D:8)
  A gnoll shaman (Orc:2)
  29 orc priests
  12 jellies
  Terence (D:2)
  13 worker ants
  9 iguanas
  30 orc wizards
  2 hound zombies
  A hound skeleton (D:11)
  A worker ant zombie (D:11)
  16 gnolls
  A howler monkey skeleton (D:9)
  11 adders
  2 shadow imps
  3 oozes
  An adder skeleton (D:5)
  A worm (D:3)
  3 dart slugs
  4 leopard geckos
  107 orcs
  3 giant cockroaches
  9 goblins
  7 hobgoblins
  8 jackals
  8 quokkas
  9 bats
  6 frilled lizards
  18 kobolds
  2 quokka skeletons
  9 rats
  A bush (Lair:1)
  2 fungi
  A plant (Lair:5)
807 creatures vanquished.

Vanquished Creatures (collateral kills)
  A rakshasa (D:15)
  A naga warrior (Snake:1)
  3 hydras
  A catoblepas (Lair:6)
  An alligator (Swamp:1)
  An oklob plant (Lair:6)
  5 ugly things
  2 black mambas
  3 spiny frogs
  2 tyrant leeches (Swamp:1)
  4 blink frogs
  2 hippogriffs
  A redback (Lair:6)
  5 yaks
  5 wyverns
  A warg (D:10)
  An insubstantial wisp (Lair:2)
  A naga (Snake:1)
  8 water moccasins (Lair:6)
  A swamp drake (Swamp:1)
  A porcupine (Lair:1)
  A hornet zombie (D:5)
  2 orc warriors
  An ogre (Orc:2)
  A centaur (D:12)
  A boggart (D:15)
  4 bullfrogs
  A howler monkey (D:13)
  4 orc priests
  3 orc wizards
  2 worker ants
  3 gnolls
  A howler monkey skeleton (D:3)
  8 orcs
  A frilled lizard (D:3)
  A kobold (D:13)
84 creatures vanquished.

Vanquished Creatures (others)
  A briar patch (Swamp:1)
  18 fungi
  23 plants (Lair:6)
42 creatures vanquished.

Grand Total: 933 creatures vanquished

Notes
Turn   | Place    | Note
-------+----------+-------------------------------------------
     0 | D:1      | Peloso the Demonspawn Fighter began the quest for the Orb.
     0 | D:1      | Reached XP level 1. HP: 18/18 MP: 1/1
   198 | D:1      | Gained mutation: When hurt, damage is shared between your
                  | health and your magic reserves. [demonic ancestry]
   198 | D:1      | Reached XP level 2. HP: 19/24 MP: 2/2
  1075 | D:2      | Gained mutation: A weak demonic guardian rushes to your
                  | aid. [demonic ancestry]
  1075 | D:2      | Reached XP level 3. HP: 20/29 MP: 3/3
  1468 | D:2      | Found a blossoming altar of Fedhas.
  1507 | D:2      | Noticed Terence
  1547 | D:2      | Killed Terence
  1547 | D:2      | Reached skill level 3 in Shields
  1790 | D:2      | Reached XP level 4. HP: 33/35 MP: 4/4
  3046 | D:3      | Reached skill level 1 in Dodging
  3046 | D:3      | Reached XP level 5. HP: 38/41 MP: 5/5
  3131 | D:3      | Found a sacrificial altar of Ru.
  3760 | D:3      | Noticed Grinder
  4228 | D:3      | Killed Grinder
  4228 | D:3      | Gained mutation: You have sharp toenails. [demonic
                  | ancestry]
  4228 | D:3      | Reached XP level 6. HP: 15/47 MP: 2/6
  4595 | D:4      | Found a stormy altar of Qazlal.
  4756 | D:4      | Reached skill level 4 in Shields
  4756 | D:4      | Reached XP level 7. HP: 49/53 MP: 7/7
  4811 | D:4      | Found a glowing silver altar of Zin.
  5666 | D:4      | Noticed a water elemental
  5666 | D:4      | Noticed an air elemental
  5666 | D:4      | Noticed a fire elemental
  5677 | D:5      | Entered Level 5 of the Dungeon
  5688 | D:5      | Reached skill level 5 in Long Blades
  5756 | D:5      | Reached skill level 5 in Armour
  5936 | D:5      | Reached XP level 8. HP: 59/60 MP: 6/8
  6156 | D:5      | Got a bloodstained spear
  6247 | D:5      | Found Kaiv's General Store.
  6253 | D:5      | Bought a scroll of blinking for 82 gold pieces
  6253 | D:5      | Bought a scroll of teleportation for 33 gold pieces
  6253 | D:5      | Bought a scroll of magic mapping for 38 gold pieces
  6253 | D:5      | Bought a scroll of identify for 22 gold pieces
  6257 | D:5      | Found a stormy altar of Qazlal.
  6296 | D:5      | Found a hazy altar of Hepliaklqana.
  6700 | D:5      | Found an ornate altar of the Wu Jian Council.
  6932 | D:6      | Found an ancient bone altar of Kikubaaqudgha.
  6943 | D:6      | Identified the +9 spear of Maweom {vorpal, rElec rF++
                  | Str+3} (You found it on level 5 of the Dungeon)
  7112 | D:6      | Reached skill level 1 in Polearms
  7212 | D:6      | Found a basalt altar of Yredelemnul.
  7250 | D:6      | Found a staircase to the Ecumenical Temple.
  7259 | Temple   | Entered the Ecumenical Temple
  7266 | Temple   | Became a worshipper of Warmaster Okawaru
  7824 | D:7      | Reached skill level 5 in Shields
  7988 | D:7      | Noticed a hippogriff
  7997 | D:7      | Killed a hippogriff
  7997 | D:7      | Gained mutation: You have razor-sharp toenails. [demonic
                  | ancestry]
  7997 | D:7      | Reached XP level 9. HP: 54/66 MP: 6/9
  8080 | D:7      | Found an opulent altar of Gozag.
  8350 | D:7      | Reached * piety under Okawaru
  8480 | D:8      | Reached skill level 1 in Stealth
  8499 | D:8      | Found a blossoming altar of Fedhas.
  8972 | D:8      | Reached ** piety under Okawaru
  8972 | D:8      | Reached skill level 6 in Shields
  8975 | D:8      | Reached skill level 5 in Fighting
  9032 | D:8      | Noticed a two-headed ogre
  9039 | D:8      | Killed a two-headed ogre
  9039 | D:8      | Reached skill level 5 in Polearms
  9094 | D:8      | Noticed Joseph
  9117 | D:8      | Killed Joseph
  9200 | D:8      | Reached *** piety under Okawaru
  9200 | D:8      | Gained mutation: You regenerate magic rapidly. [demonic
                  | ancestry]
  9200 | D:8      | Reached XP level 10. HP: 56/74 MP: 7/10
 10036 | D:9      | Noticed a manticore
 10052 | D:9      | Killed a manticore
 10052 | D:9      | Reached skill level 7 in Shields
 10258 | D:9      | Found a sparkling altar of Nemelex Xobeh.
 10580 | D:10     | Entered Level 10 of the Dungeon
 10606 | D:10     | Reached **** piety under Okawaru
 10764 | D:10     | Found a staircase to the Lair.
 10856 | D:10     | Found Vist's Jewellery Shoppe.
 10868 | D:10     | Bought a cursed amulet of inaccuracy for 22 gold pieces
 10868 | D:10     | Bought a cursed ring of teleportation for 49 gold pieces
 11263 | D:11     | Reached ***** piety under Okawaru
 11362 | D:11     | Noticed a gargoyle
 11376 | D:11     | Killed a gargoyle
 11376 | D:11     | Received a gift from Okawaru
 11376 | D:11     | Reached XP level 11. HP: 49/81 MP: 6/11
 11586 | D:11     | Found Kacseal's Antique Weapon Shop.
 11605 | D:11     | Bought a scorched falchion for 288 gold pieces
 11605 | D:11     | Identified the +9 falchion "Vixoczai" {venom, rPois rC+
                  | Str+4 Stlth+} (You bought it in a shop on level 11 of the
                  | Dungeon)
 11691 | D:11     | Reached skill level 8 in Shields
 12066 | Lair:1   | Entered Level 1 of the Lair of Beasts
 12139 | Lair:1   | HP: 1/82 [yak (10)]
 12570 | Lair:1   | Noticed a seven-headed hydra
 12576 | Lair:1   | Killed a seven-headed hydra
 12583 | Lair:1   | Found the +3 robe of Folly {Archmagi, MR-- Int+5}
 12598 | Lair:1   | Received a gift from Okawaru
 12598 | Lair:1   | Reached skill level 9 in Shields
 12607 | Lair:1   | Identified a +0 pair of boots of running (Okawaru gifted it
                  | to you on level 1 of the Lair of Beasts)
 12768 | Lair:1   | Noticed an oklob plant
 12796 | Lair:1   | Killed an oklob plant
 12812 | Lair:1   | Got a brightly glowing quarterstaff
 12842 | Lair:1   | Noticed an eight-headed hydra
 12849 | Lair:1   | Killed an eight-headed hydra
 12919 | Lair:1   | Reached skill level 1 in Invocations
 12975 | Lair:1   | Reached skill level 1 in Evocations
 12975 | Lair:1   | Gained mutation: When seriously injured, your bleeding
                  | wounds create armour. (AC +9) [demonic ancestry]
 12975 | Lair:1   | Reached XP level 12. HP: 83/89 MP: 11/13
 13182 | Lair:2   | Found a staircase to the Snake Pit.
 13536 | Lair:2   | Noticed an eight-headed hydra
 13544 | Lair:2   | Killed an eight-headed hydra
 13572 | Lair:2   | Found a staircase to the Swamp.
 14113 | Lair:3   | Identified the cursed +2 quarterstaff of the Ageing Firefly
                  | {elec, +Rage MP+9 Dex-2 SInv} (You found it on level 1 of
                  | the Lair of Beasts)
 15548 | Lair:4   | Noticed a six-headed hydra
 15555 | Lair:4   | Killed a six-headed hydra
 16482 | D:12     | Received a gift from Okawaru
 16593 | D:12     | Reached skill level 10 in Shields
 16600 | D:12     | Reached skill level 10 in Armour
 17369 | D:12     | Found a staircase to the Orcish Mines.
 17404 | D:12     | Noticed a four-headed hydra
 17427 | D:12     | Killed a five-headed hydra
 17427 | D:12     | Received a gift from Okawaru
 17427 | D:12     | Reached XP level 13. HP: 60/98 MP: 9/14
 17723 | Orc:1    | Entered Level 1 of the Orcish Mines
 17850 | Orc:1    | Paralysed by an orc sorcerer for 6 turns
 18353 | Orc:2    | Entered Level 2 of the Orcish Mines
 18353 | Orc:2    | Found a staircase to the Elven Halls.
 18466 | Orc:2    | Found a gate leading to a gauntlet.
 18501 | Gauntlet | Entered a Gauntlet
 18501 | Gauntlet | Found a transporter.
 18505 | Gauntlet | Found a transporter.
 18506 | Gauntlet | Found a transporter.
 18509 | Gauntlet | Found a transporter.
 18510 | Gauntlet | Found a transporter.
 18511 | Gauntlet | Found a transporter.
 18512 | Gauntlet | Found a large runed translucent door.
 18513 | Gauntlet | Found a large runed translucent door.
 18514 | Gauntlet | Found a large runed translucent door.
 18514 | Gauntlet | Found a large runed translucent door.
 18514 | Gauntlet | Found a runed translucent door.
 18515 | Gauntlet | Found a large runed translucent door.
 18516 | Gauntlet | Found a large runed translucent door.
 18517 | Gauntlet | Found a large runed translucent door.
 18517 | Gauntlet | Found a large runed translucent door.
 18524 | Gauntlet | Found a runed translucent gate.
 18527 | Gauntlet | Found a transporter.
 18554 | Gauntlet | Found a transporter.
 18554 | Gauntlet | Found a transporter.
 18557 | Gauntlet | Found a transporter.
 18589 | Gauntlet | Found a transporter.
 18623 | Gauntlet | Found a transporter.
 18623 | Gauntlet | Found a runed translucent gate.
 18624 | Gauntlet | Found a runed translucent gate.
 18624 | Gauntlet | Found a runed translucent door.
 18636 | Gauntlet | Found a large runed translucent door.
 18636 | Gauntlet | Found a large runed translucent door.
 18636 | Gauntlet | Found a large runed translucent door.
 18636 | Gauntlet | Found a large runed translucent door.
 18637 | Gauntlet | Found a large runed translucent door.
 18638 | Gauntlet | Found a large runed translucent door.
 18670 | Gauntlet | Found a large runed translucent door.
 18670 | Gauntlet | Found a large runed translucent door.
 18746 | Gauntlet | Reached skill level 10 in Long Blades
 18755 | Gauntlet | HP: 2/98 [something (12)]
 18783 | Gauntlet | Got a heavily runed helmet
 18789 | Gauntlet | Identified the +0 helmet of Talom {rElec} (You found it in
                  | a Gauntlet)
 19073 | Gauntlet | Got a pair of twisted gloves
 19079 | Gauntlet | Identified the +2 pair of gloves of Piwuiwaged {MP+9} (You
                  | found it in a Gauntlet)
 19102 | Gauntlet | Identified the cursed +0 broad axe "Ressoav" {drain, Int+4}
 19102 | Gauntlet | Identified the ring of Mojyczaa {rCorr Str+2 Slay+5}
 19102 | Gauntlet | Noticed a minotaur
 19135 | Gauntlet | Killed a minotaur
 19164 | Gauntlet | Got an encrusted chain mail
 19187 | Gauntlet | Identified the cursed +0 chain mail of Fanaticism {MP+9
                  | Dex+5} (You found it in a Gauntlet)
 19785 | Orc:2    | Found Zyimes's Distillery.
 19792 | Orc:2    | Found Bofaz's Food Emporium.
 20522 | Orc:2    | Noticed Snorg
 20533 | Orc:2    | Killed Snorg
 20547 | Orc:2    | Reached skill level 11 in Shields
 21433 | Orc:2    | Received a gift from Okawaru
 21434 | Orc:2    | Found the +2 hat of the Bear Spirit {Spirit, +Rage rN+
                  | MR++}
 22214 | Orc:2    | Reached ****** piety under Okawaru
 22214 | Orc:2    | Gained mutation: When seriously injured, your bleeding
                  | wounds create thick armour. (AC +9) [demonic ancestry]
 22214 | Orc:2    | Reached XP level 14. HP: 99/108 MP: 15/15
 22415 | Orc:2    | Found Ownose's Gadget Shop.
 22415 | Orc:2    | Found a one-way gate leading to the halls of Pandemonium.
 22415 | Orc:2    | Found Soreupp's Antique Armour Boutique.
 22417 | Orc:2    | Bought a wand of digging (7) for 286 gold pieces
 23108 | D:13     | Received a gift from Okawaru
 23623 | D:13     | Found Riynwima's Distillery.
 23630 | D:13     | Bought a potion of resistance for 160 gold pieces
 23630 | D:13     | Bought a potion of heal wounds for 80 gold pieces
 23630 | D:13     | Bought a potion of heal wounds for 80 gold pieces
 23630 | D:13     | Bought a potion of lignification for 48 gold pieces
 23630 | D:13     | Bought a potion of might for 64 gold pieces
 23684 | D:13     | Reached skill level 12 in Shields
 24086 | D:14     | Received a gift from Okawaru
 24636 | D:14     | Received a gift from Okawaru
 24910 | D:14     | Found a gate to the Vaults.
 25263 | D:14     | Found Puttih's Assorted Antiques.
 25643 | D:14     | Bought a glittering platinum amulet for 155 gold pieces
 25643 | D:14     | Bought a scroll of identify for 62 gold pieces
 25644 | D:14     | Identified the amulet "Bijan" {RegenMP Dex+4 Slay-4 SInv}
                  | (You bought it in a shop on level 14 of the Dungeon)
 25649 | D:14     | Bought a scroll of immolation for 108 gold pieces
 25649 | D:14     | Bought a potion of might for 124 gold pieces
 25649 | D:14     | Bought a scroll of identify for 62 gold pieces
 25649 | D:14     | Bought a scroll of identify for 62 gold pieces
 25649 | D:14     | Bought a scroll of magic mapping for 108 gold pieces
 26003 | Lair:5   | Found a dark tunnel.
 26012 | Volcano  | Entered a volcano
 26063 | Volcano  | Reached skill level 10 in Fighting
 26505 | Lair:5   | Gained mutation: A demonic guardian rushes to your aid.
                  | [demonic ancestry]
 26505 | Lair:5   | Reached XP level 15. HP: 112/115 MP: 17/17
 26528 | Lair:5   | Found a staircase to the Slime Pits.
 27108 | Lair:6   | Entered Level 6 of the Lair of Beasts
 27119 | Lair:6   | Received a gift from Okawaru
 27510 | Lair:6   | Received a gift from Okawaru
 27930 | Lair:6   | Reached skill level 13 in Shields
 29246 | D:15     | Entered Level 15 of the Dungeon
 29307 | D:15     | Received a gift from Okawaru
 30160 | D:15     | Noticed a tengu reaver
 30160 | D:15     | Identified the +7 quarterstaff of Makhleb's Outrage {speed,
                  | rC+}
 30349 | D:15     | Killed a tengu reaver
 30875 | D:15     | Noticed a frost giant
 30888 | D:15     | Killed a frost giant
 31077 | D:15     | Found a staircase to the Depths.
 31096 | D:15     | Noticed an azure jelly
 31096 | D:15     | an emperor scorpion changed into an azure jelly
 31098 | D:15     | an azure jelly changed into an iron troll
 31381 | Swamp:1  | Entered Level 1 of the Swamp
 31468 | Swamp:1  | Noticed a thorn hunter
 31488 | Swamp:1  | Killed a thorn hunter
 31488 | Swamp:1  | Reached XP level 16. HP: 37/124 MP: 6/18
 31972 | Swamp:1  | You fall into a shaft and drop 1 floor!
 32028 | Swamp:1  | Received a gift from Okawaru
 32671 | Snake:1  | Entered Level 1 of the Snake Pit
 33370 | Snake:1  | Reached skill level 14 in Shields
 33394 | Snake:1  | Killed from afar by a shock serpent

Illustrated notes

Levels and vault maps discovered:
D:1:      psy_arrival_radial01, layout_loops_ring, minmay_crystal_water
D:2:      layout_loops_ring, first_ration, fedhas_altar_4, uniq_terence
D:3:      kennysheep_big_flooded_room, layout_rooms,
          nicolae_ru_sacrificial_ziggurat, serial_curves, eino_curves_01,
          eino_curves_03, uniq_grinder
D:4:      corexii_shack_village, layout_cave_pods, zin_statuary, st_stairs_14,
          hex_tiny, nicolae_qazlal_style_of_elements
D:5:      layout_basic, lemuel_crystal_altar, gammafunk_temple_overflow_statue,
          serial_shops, shop, serial_bayou_pond_b
D:6:      layout_basic, kiku_gazebo_garden_becter, yredelemnul_altar_generic,
          minmay_temple_entry_antechambers
D:7:      layout_loops_cross, grunt_gozag_breadcrumbs
D:8:      layout_loops_corners, nicolae_overflow_crystal_walls, uniq_joseph
D:9:      layout_cave_pods, nemelex_xobeh_ov_fountains_minmay
D:10:     layout_rooms, erik_lair_orcish_takeover, serial_shops, shop_statue
D:11:     layout_cave_pools, serial_shops, nicolae_shop_waterfront
D:12:     layout_basic, orc_0_dummy
D:13:     layout_basic, serial_shops, kennysheep_little_box
D:14:     layout_rooms, david_vaults_4, hangedman_decor_points, serial_shops,
          shop_statue
D:15:     gammafunk_enter_depths_forms, layout_basic,
          minmay_checkered_concentric_circles
Temple:   nicolae_temple_x_marks_the_god
Lair:1:   layout_small_grid, minmay_lair_oklob_items
Lair:2:   layout_hall_layers, minmay_swamp_entry_wisps, dummy_snake_entry,
          fungi_pond_lemuel, columned_hall_lemuel,
          chequers_serial_rivers_small_b, st_stairs_13, serial_bayou_shore_b
Lair:3:   dpeg_oklob_shooting_range, layout_cave_pods
Lair:4:   layout_hall_layers, lemuel_fruit_tree
Lair:5:   layout_long_grid, minmay_slime_entry_pillars, enter_volcano_2,
          grunt_forest_stairs_clearing
Lair:6:   hangedman_lair_tendril_chambers, layout_concentric_octagons,
          st_stairs_7, minmay_lair_oklob_chamber
Swamp:1:  layout_falls_marsh, hangedman_swamp_diagram
Swamp:2:  layout_basic_swamp, serial_swamp_ruin, evilmike_swamp_ruin_rubble_1,
          evilmike_swamp_ruin_house_5, uniq_jorgrun
Snake:1:  layout_onion_interference, drop_trap, minmay_shop_mayhem, uniq_aizul
Orc:1:    layout_diamond_mine
Orc:2:    pf_orc_diabolical, layout_diamond_mine, gauntlet_entry_generic,
          mines3_lemuel, uniq_snorg

Skill      XL: |  1  2  3  4  5  6  7  8  9 10 11 12 13 14 15 16 |
---------------+-------------------------------------------------+-----
Long Blades    | 2 3 4 5 8 9 11 12 13 | 13.6
Armour         | 3 4 5 6 7 8 9 10 11 12 | 12.7
Shields        | 3 4 5 6 7 9 10 11 12 13 14 | 14.0
Dodging        | 1 2 3 |  3.9
Fighting       | 4 5 6 7 9 10 11 | 11.1
Polearms       | 3 5 7 8 |  8.0
Stealth        | 1 2 3 |  3.9
Invocations    | 1 2 |  2.9
Evocations     | 1 2 3 |  3.5

Action                   |  1- 3 |  4- 6 |  7- 9 | 10-12 | 13-15 | 16-18 || total
-------------------------+-------+-------+-------+-------+-------+-------++-------
Melee: Long sword        |   108 |   229 |   199 |       |       |       ||   536
       Kick              |       |     8 |   118 |   158 |       |       ||   284
       Spear             |       |       |   218 |   252 |    50 |       ||   520
       Falchion          |       |       |       |   495 |  1510 |   137 ||  2142
       Scimitar          |       |       |       |       |    38 |     3 ||    41
Invok: Heroism           |       |       |     1 |     1 |     9 |     1 ||    12
       Finesse           |       |       |       |       |     3 |       ||     3
Evoke: Wand              |       |       |       |    27 |    20 |       ||    47
  Use: Potion            |       |     1 |       |     1 |     3 |     1 ||     6
       Scroll            |       |     5 |     9 |     9 |    15 |       ||    38
 Stab: Distracted        |       |       |     2 |     4 |     7 |     1 ||    14
       Confused          |       |       |     1 |       |       |       ||     1
  Eat: Chunk             |     2 |     7 |    15 |    26 |    33 |     4 ||    87
       Ration            |       |     1 |       |       |     3 |     1 ||     5
Armor: Scale mail        |    40 |       |       |       |       |       ||    40
       Chain mail        |     4 |   137 |   160 |    25 |       |       ||   326
       Plate armour      |       |       |       |   320 |   685 |    56 ||  1061
Dodge: Dodged            |    29 |    73 |    96 |   165 |   442 |    47 ||   852
Block: Kite shield       |    53 |   127 |   213 |   431 |  1174 |   122 ||  2120
       Rpst.: Long sword |    12 |    18 |    13 |       |       |       ||    43
       Falchion          |       |       |       |    24 |    78 |     8 ||   110
       Scimitar          |       |       |       |       |     6 |       ||     6
